 Dungeon Crawl Stone Soup version 0.29.0-4-gdea44cf6ec (webtiles) character file.

Game seed: 4730825645862375181

0 qw the Sneak (level 1, -8/14 HPs)
             Began as a Gargoyle Delver on Sept 10, 2022.
             Mangled by an ogre
             ... wielding a +0 giant club
              (22 damage)
             ... on level 4 of the Dungeon.
             The game lasted 00:00:02 (190 turns).

qw the Sneak (Gargoyle Delver)                       Turns: 190, Time: 00:00:03

Health: -8/14      AC:  5    Str: 15    XL:     1   Next: 0%
Magic:  1/1        EV:  9    Int: 10    God:
Gold:   25         SH:  8    Dex: 11    Spells: 0/0 levels left

rFire   . . .      SeeInvis .   Y - +1 hand axe
rCold   . . .      Faith    .   j - +2 kite shield
rNeg    + . .      Spirit   .   b - +0 leather armour
rPois   inf        Reflect  .   (no helmet)
rElec   +          Harm     .   (no cloak)
rCorr   .          Rampage  .   (no gloves)
Will    .....                   (no boots)
Stlth   +++.......              (no amulet)
HPRegen 0.04/turn               (no ring)
MPRegen 0.07/turn               (no ring)

@: no status effects
A: sickness immunity, AC +2, negative energy resistance 1, electricity
resistance, torment resistance 1, petrification resistance
a: no special abilities


You were on level 4 of the Dungeon.
You visited 1 branch of the dungeon, and saw 2 of its levels.

You collected 25 gold pieces.


Innate Abilities, Weirdness & Mutations

You are immune to sickness and miasma.
Your stone body is resilient. (AC +2)
You are immune to poison.
You resist negative energy. (rN+)
You are resistant to electric shocks. (rElec)
You are resistant to unholy torment.
You are immune to petrification.


   Skills:
 - Level 3.2 Fighting
 - Level 1.7 Axes
 - Level 1.5 Dodging
 - Level 5.4 Stealth
 + Level 0.0 Shields


You couldn't memorise any spells.
You didn't know any spells.
Your spell library was empty.

Inventory:

Hand Weapons
 Y - a +1 hand axe (weapon)
Armour
 b - a +0 leather armour (worn)
 j - a +2 kite shield (worn)
Wands
 g - a wand of digging (3)
Scrolls
 a - a scroll of identify
Potions
 f - a potion of haste

Dungeon Overview and Level Annotations

Branches:
Dungeon (5/15)
 Temple: D:4-7

Altars:
Uskayaw


Message History

75 ||| READING scroll labelled QINACWIBEI.
As you read the scroll labelled QINACWIBEI, it crumbles to dust.
It is a scroll of enchant weapon.
Your +0 hand axe glows red for a moment.
76 ||| DROPPING scroll of fog.
You drop a scroll of fog.
77 ||| DROPPING scroll of magic mapping.
You drop a scroll of magic mapping.
78 ||| DROPPING scroll of fear.
You drop a scroll of fear.
(D) Dungeon
Where to? (* - list waypoints, ? - help)
What level of the Dungeon? (default 1, ? - help)
a - a scroll of identify
Found a scroll of identify.
Found a hide-covered altar of Uskayaw.
There is a stone staircase leading up here.
You climb upwards.
There is a stone staircase leading down here.
Existing waypoints: (2) D:5 Assign waypoint to what number? (0-9, D - delete waypoint) Waypoint 1 assigned to D:4.
There is a stone staircase leading down here.
You open the door.
There is an open door here.
You open the door.
There is an open door here.
An ogre comes into view. It is wielding a +0 giant club.
Enter note:
Enter note:
Enter note: The ogre shouts!
You barely miss the ogre. You block the ogre's attack.
You hit the ogre.
The ogre is moderately wounded.
You block the ogre's attack.
You barely miss the ogre.
The ogre is moderately wounded.
The ogre hits you with a +0 giant club!!
Ouch! That really hurt!
You die...

## ..#######
#.#...O.# ###.#.#
#@# .....# #.#
##.#.###.# ##
##........#####
....#.....###.....#
..........###.###.#
.#######.#.....#
#.#
.........#######
#.########
.#######.#
#........#


You could see an ogre.

Vanquished Creatures (others)
  6 fungi (D:5)
6 creatures vanquished.

Notes
Turn   | Place    | Note
-------+----------+-------------------------------------------
     0 | D:5      | qw the Gargoyle Delver began the quest for the Orb.
     0 | D:5      | Reached XP level 1. HP: 14/14 MP: 1/1
     0 | D:5      | 0 ||| qw: Version: 0.1-a-116-g5d60599
     0 | D:5      | 0 ||| qw: Game counter: 8833
     0 | D:5      | 0 ||| qw: Always use a shield: true
     0 | D:5      | 0 ||| qw: God list: Okawaru
     0 | D:5      | 0 ||| qw: Allow faded altars: false
     0 | D:5      | 0 ||| qw: Do Orc after D:15 true
     0 | D:5      | 0 ||| qw: Do second Lair branch before Depths: true
     0 | D:5      | 0 ||| qw: Lair rune preference: random
     0 | D:5      | 0 ||| qw: Plans: Normal
     0 | D:5      | 0 ||| PLANNING D:1-11
    69 | D:5      | 69 ||| UPGRADING to +2 kite shield.
    74 | D:5      | 74 ||| READING scroll labelled ROCU BUULAKKOF.
    75 | D:5      | 75 ||| READING scroll labelled QINACWIBEI.
    76 | D:5      | 76 ||| DROPPING scroll of fog.
    77 | D:5      | 77 ||| DROPPING scroll of magic mapping.
    78 | D:5      | 78 ||| DROPPING scroll of fear.
    83 | D:5      | Found a hide-covered altar of Uskayaw.
   179 | D:4      | Noticed an ogre
   190 | D:4      | Mangled by an ogre

Levels and vault maps discovered:
D:4:      layout_loops_corners, minmay_temple_entry_sparse_star, serial_shops,
          shop, uniq_duvessa
D:5:      layout_loops_ring, mainiacjoe_overflow_large_starburst,
          serial_aquarium, aquarium_bridge_straight [aquarium_subvault_bridge,
          aquarium_subvault_wall, aquarium_subvault_bridge,
          aquarium_subvault_balcony], aquarium_window_3, aquarium_window_corner,
          aquarium_view_2b, aquarium_view_2d, aquarium_pool_five, serial_shops,
          nicolae_shop_statue_plus

Action                   || total
-------------------------++-------
Melee: Hand axe          ||     3
  Use: Scroll            ||     2
Block: Kite shield       ||     2

Table legend:
 A = Non-vault XP
 B = Vault XP
 C = Vault XP percentage of total XP
 D = Non-vault monster count
 E = Vault monster count
 F = Vault count percentage of total count
                 A         B        C        D         E       F
            +---------+---------+-------+---------+---------+-------
      Total |       0 |       0 |   N/A |       0 |       0 |  -nan
            +---------+---------+-------+---------+---------+-------
            +---------+---------+-------+---------+---------+-------
